Unix NetHack Version 3.7.0-62 Work-in-progress - last build Aug 7 2022 04:32:40 (f254b98e4f4e6c2f4e816e90bd3419c5233a8e5f,branch:master). Game began 2022-08-18 17:02:23, ended 2022-08-21 08:33:35. rustyspoon, chaotic female orcish Wizard ----- 5 ...| ---------..-- |.......|.1%-- --. |...D...|.4.5---... |...@+.@-.A.@.-.AA....A@ |...V.a.|.%.%---....... |.......|...-- --...... ---------5.-- ---%-- 5 ...| -..)------- ----- ..../. ...| ...).....- .........- ........ ... Rustyspoon the Sorceress St:18/25 Dx:17 Co:18 In:16 Wi:16 Ch:17 Chaotic Astral Plane $:0 HP:465(465) Pw:70(181) AC:-39 Exp:21 T:52434 Latest messages: It swings its mace at the Angel of Anhur. It misses the Angel of Anhur. It misses the Angel of Anhur. You hit the black dragon! The vampire lord picks up a potion of acid. The Angel of Ptah swings his long sword at the priestess of Thoth. The Angel of Ptah hits the priestess of Thoth. The Angel of Ptah swings his long sword at the priestess of Thoth. The Angel of Ptah hits the priestess of Thoth. The Angel of Ptah hits the priestess of Thoth. The priestess of Thoth swings her mace at the Angel of Ptah. The priestess of Thoth misses the Angel of Ptah. The priestess of Thoth misses the Angel of Ptah. The Angel of Anhur swings his long sword at it. The Angel of Anhur hits it. The Angel of Anhur swings his long sword at it. The Angel of Anhur hits it. You hit the black dragon! The magic-absorbing blade stuns the black dragon! The black dragon breathes a disintegration blast! The blast of disintegration whizzes by you! The blast of disintegration bounces! The blast of disintegration bounces! The blast of disintegration hits Eve the invisible Champion. But it reflects from Eve the invisible Champion's armor! The Angel of Ptah swings his long sword at the priestess of Thoth. The Angel of Ptah hits the priestess of Thoth. The Angel of Ptah swings his long sword at the priestess of Thoth. The Angel of Ptah hits the priestess of Thoth. The priestess of Thoth is killed! The Angel of Ptah swings his long sword at it. The Angel of Ptah hits it. The Angel of Ptah swings his long sword at it. The Angel of Ptah hits it. The Angel of Ptah hits it. The priestess of Ptah picks up a cloak of protection. The priestess of Ptah removes a robe and puts on a cloak of protection. There is a high altar to Anhur (chaotic) here. What do you want to sacrifice? [V or ?*] You offer the Amulet of Yendor to Anhur... An invisible choir sings, and you are bathed in radiance... The voice of Anhur thunders: "Mortal, thou hast done well!" "In return for thy service, I grant thee the gift of Immortality!" You ascend to the status of Demigoddess... Do you want your possessions identified? [ynq] (y) Do you want to see your attributes? [ynq] (y) Do you want an account of creatures vanquished? [ynaq] (y) Do you want a list of species genocided and extinct? [ynq] (y) Do you want to see your conduct and achievements? [ynq] (y) Do you want to see the dungeon overview? [ynq] (y) Major events: Turn 1: rustyspoon the chaotic female orcish Wizard entered the dungeon 714: entered the Gnomish Mines 715: attained the rank of Conjurer (level 3) 3590: reached Mine Town 3603: attained the rank of Thaumaturge (level 6) 6801: entered Sokoban 7305: completed sokoban 1 8225: completed sokoban 2 9304: completed sokoban 3 10621: completed sokoban 4 11329: acquired the Sokoban amulet of reflection 12332: destroyed WizzyTheWeird's ghost, the former Conjurer 16286: attained the rank of Magician (level 10) 28470: was bestowed with Magicbane by Anhur 31494: entered the Bigroom 31582: destroyed otc's ghost, the former Priest 35092: performed her first genocide (class h) 35093: genocided class L 35563: was chosen to take lives for the Glory of Anhur 35563: was bestowed with spellbook of finger of death 42108: killed Medusa 42577: entered Gehennom 42893: made her first wish - "blessed greased bag of holding", got "a greased bag" 45080: was bestowed with Ogresmasher by Anhur 45126: was bestowed with Trollsbane by Anhur 45175: attained the rank of Enchantress (level 14) 46026: attained the rank of Sorceress (level 18) 46897: killed the Dark One 46901: found the Eye of the Aethiopica on the floor 46902: acquired the Bell of Opening 47576: wished for "blessed fixed ring of free action", got "an emerald ring" 47858: killed Asmodeus 47996: found the Mitre of Holiness on the floor 48069: destroyed otc's ghost, the former Curate 48263: killed the invisible Juiblex 48834: destroyed Vlad the Impaler 48836: acquired the Candelabrum of Invocation 49274: bribed Baalzebub with 50 zorkmids for safe passage 49638: killed Orcus 50659: killed the Wizard of Yendor 50664: acquired the Book of the Dead 50722: performed the invocation 50832: killed the high priestess of Moloch 50836: acquired The Amulet of Yendor 51614: killed the Wizard of Yendor (2nd time) 51956: killed the Wizard of Yendor (3rd time) 52142: entered the Elemental Planes 52142: entered Plane of Earth 52191: entered Plane of Air 52244: entered Plane of Fire 52280: entered Plane of Water 52283: genocided class ; 52335: killed the Wizard of Yendor (5th time) 52398: entered the Astral Plane 52413: killed Famine 52427: found Frost Brand carried by a monster 52427: killed the high priestess (2nd time) 52434: ascended Inventory: Amulets f - the blessed Eye of the Aethiopica m - an uncursed amulet of reflection (being worn) Weapons a - the blessed rustproof +6 Magicbane (weapon in hand) Armor A - a blessed +4 Hawaiian shirt with a tropical fish motif (being worn) B - a blessed +4 blue dragon scale mail (being worn) C - a blessed fireproof +4 cloak of magic resistance (being worn) D - a blessed fireproof +4 pair of speed boots (being worn) E - a blessed fireproof +5 pair of leather gloves (being worn) F - a blessed +7 cornuthaum (being worn) Comestibles L - an uncursed lizard corpse named KFC Spellbooks O - the uncursed Book of the Dead Rings P - a blessed ring of levitation S - a blessed ring of conflict (on right hand) U - an uncursed +2 ring of gain constitution X - a blessed ring of free action (on left hand) Wands n - an uncursed wand of death (0:6) r - an uncursed wand of teleportation (0:1) z - an uncursed wand of digging (0:4) I - an uncursed wand of death (0:0) J - an uncursed wand of digging (0:8) R - an uncursed wand of teleportation (0:0) Tools b - a blessed greased bag of holding containing 102 items e - a blessed stethoscope g - the uncursed Bell of Opening (0:1) k - an uncursed skeleton key s - a blessed oilskin sack named cancellation containing 2 items t - a blessed blindfold u - a blessed +6 unicorn horn named hL; v - an uncursed magic lamp (lit) Y - the uncursed Candelabrum of Invocation (0 of 7 candles attached) Gems/Stones x - a blessed luckstone Contents of the bag of holding: 50 gold pieces an uncursed amulet of flying an uncursed amulet of life saving a cursed amulet of life saving an uncursed greased rustproof +4 pair of gauntlets of power an uncursed +0 pair of water walking boots an uncursed +0 mummy wrapping 9 uncursed food rations an uncursed lizard corpse named KFC 2 blessed scrolls of blank paper 44 uncursed scrolls of blank paper 2 blessed scrolls of charging 2 uncursed scrolls of earth 7 blessed scrolls of enchant weapon 2 cursed scrolls of enchant weapon 3 uncursed scrolls of fire a blessed scroll of genocide 3 uncursed scrolls of gold detection 3 blessed scrolls of identify 12 uncursed scrolls of identify 4 blessed scrolls of remove curse 4 uncursed scrolls of remove curse 4 blessed scrolls of scare monster a blessed scroll of taming 2 uncursed scrolls of taming 2 uncursed scrolls of teleportation 4 blessed diluted potions of full healing a blessed potion of gain energy 3 uncursed potions of paralysis an uncursed potion of speed 24 potions of holy water 4 potions of unholy water an uncursed ring of conflict an uncursed ring of conflict an uncursed ring of conflict an uncursed ring of levitation an uncursed ring of regeneration an uncursed ring of teleport control an uncursed ring of teleport control an uncursed ring of warning an uncursed wand of cold (0:7) an uncursed wand of cold (0:5) an uncursed wand of cold (0:5) an uncursed wand of cold (0:4) an uncursed wand of cold (0:3) a cursed wand of cold (0:4) an uncursed wand of digging (0:5) an uncursed wand of digging (0:5) an uncursed wand of digging (0:5) an uncursed wand of digging (0:3) an uncursed wand of digging (0:3) an uncursed wand of digging (0:6) a cursed wand of digging (0:4) an uncursed wand of enlightenment (0:13) an uncursed wand of fire (0:7) an uncursed wand of fire (0:5) an uncursed wand of fire (0:2) an uncursed wand of light (0:13) an uncursed wand of light (0:11) an uncursed wand of light (0:7) an uncursed wand of light (0:12) a cursed wand of light (0:15) an uncursed wand of lightning (0:6) an uncursed wand of lightning (0:5) an uncursed wand of lightning (0:4) an uncursed wand of magic missile (0:7) an uncursed wand of magic missile (0:3) an uncursed wand of magic missile (0:8) an uncursed wand of magic missile (0:3) an uncursed wand of secret door detection (0:13) an uncursed wand of secret door detection (0:15) a cursed wand of secret door detection (0:13) an uncursed wand of sleep (0:7) an uncursed wand of sleep (0:5) an uncursed wand of sleep (0:6) a blessed wand of slow monster (0:6) an uncursed wand of striking (0:4) an uncursed wand of teleportation (0:7) an uncursed wand of teleportation (0:5) an uncursed wand of teleportation (0:4) an uncursed wand of teleportation (0:7) an uncursed wand of wishing (1:3) an uncursed bugle a blessed magic marker (0:43) an uncursed magic marker (0:35) an uncursed pair of lenses an uncursed rustproof +6 pick-axe an uncursed agate stone 5 uncursed amethyst stones 5 uncursed aquamarine stones 2 uncursed black opals 2 uncursed chrysoberyl stones an uncursed citrine stone 4 uncursed diamonds 5 uncursed emeralds 4 uncursed jade stones 2 uncursed opals 5 uncursed rubies 2 uncursed sapphires an uncursed topaz stone an uncursed turquoise stone a blessed touchstone Contents of the oilskin sack named cancellation: an uncursed wand of cancellation (0:3) a cursed wand of cancellation (0:6) Rustyspoon the Wizard's attributes: Background: You were a Sorceress, a level 21 female orcish Wizard. You were chaotic, on a mission for Anhur who was opposed by Ptah (lawful) and Thoth (neutral). You were in the endgame, on the Astral Plane. You entered the dungeon 52434 turns ago. You had 10030417 experience points, 9969583 more were needed for level 22. Basics: You had all 465 hit points. You had 70 out of 181 energy points (spell power). Your armor class was -39. Your wallet was empty. Autopickup was off. Final Characteristics: Your strength was 18/25 (limit:18/50). Your dexterity was 17 (peak:18, limit:18). Your constitution was 18 (limit:18). Your intelligence was 16 (limit:16). Your wisdom was 16 (limit:16). Your charisma was 17 (base:16, innate limit:16). Final Status: You were not hungry. You were unencumbered. You were wielding a dagger. You had expert skill with dagger. Final Attributes: You were the Glory of Arioch. You were piously aligned. You were magic-protected. You were fire resistant. You were cold resistant. You were sleep resistant. You were disintegration-resistant. You were shock resistant. Your items were protected from electric shocks. You were poison resistant. You saw invisible. You were telepathic. You were warned. You were clairvoyant. You had infravision. You were invisible to others. You caused conflict. You could teleport. You had teleport control. You had a moderate defense bonus (+9). You were warded. You took half spell damage. You were very fast. You had reflection. You had free action. You were extremely lucky. You had extra luck. Good luck did not time out for you. You survived. Miscellaneous: You encountered 3 bones levels. Total elapsed playing time was 6 hours, 57 minutes and 45 seconds. Vanquished creatures: Asmodeus Orcus Juiblex the Wizard of Yendor (5 times) Famine Vlad the Impaler 2 high clerics Medusa 17 krakens 2 titans a balrog 4 purple worms a gold dragon 3 red dragons 5 white dragons 3 black dragons 2 blue dragons 3 green dragons a yellow dragon 12 minotaurs the Dark One a baluchitherium 3 Angels a stone golem 2 Olog-hai 3 pit fiends 2 hell hounds 2 displacer beasts a titanothere 2 trappers 2 guardian nagas 18 vampire leaders 3 skeletons 5 shopkeepers 11 aligned clerics a captain 4 shades 3 water trolls a clay golem 4 nurses 2 ice devils 2 nalfeshnees a lurker above 2 Aleaxes 2 frost giants 2 ettins a golden naga 2 black puddings 27 vampires 8 lieutenants a watch captain 40 ghosts 2 queen bees 7 giant mimics 2 long worms a zruty 7 fire giants 4 ogre tyrants 16 ice trolls 3 rock trolls 3 umber hulks 3 flesh golems 4 elven monarchs a doppelganger 6 hezrous 6 bone devils 8 large mimics a fire vortex 4 stalkers 2 air elementals a fire elemental 2 earth elementals 5 water elementals 2 hill giants a giant mummy 7 xorns 18 giant zombies 2 elf-nobles 11 sergeants a water demon 6 barbed devils 9 vrocks 3 salamanders 5 wargs 2 winter wolves 7 hell hound pups 16 small mimics a glass piercer 4 warhorses a steam vortex 7 xans 3 ettin mummies 7 quantum mechanics 14 trolls a sasquatch 3 erinyes 2 mariliths 7 sharks 8 electric eels 2 gelatinous cubes 2 pyrolisks 4 large dogs 5 freezing spheres 5 flaming spheres 5 shocking spheres 5 large cats 3 tigers 8 gargoyles a dwarf ruler 10 tengu 2 ochre jellies 4 leocrottas 2 energy vortices 3 mountain centaurs 3 stone giants 4 elf mummies 7 human mummies 2 red nagas a green slime 5 pythons 6 pit vipers a cobra 33 wraiths 5 carnivorous apes 12 ettin zombies 2 leather golems 11 Grey-elves 42 soldiers 4 watchmen 4 amorous demons 7 horned devils 8 chameleons 3 crocodiles 9 giant beetles 5 quivering blobs 16 cockatrices 12 wolves 7 winter wolf cubs 3 lynxes 3 panthers 2 gremlins a spotted jelly 84 leprechauns an orc-captain 2 iron piercers 5 mumakil 7 giant spiders 11 scorpions 9 horses 2 ice vortices 7 black lights 38 vampire bats 6 forest centaurs 7 gnome rulers an orc mummy 6 dwarf mummies an ogre 5 brown puddings 5 rust monsters 11 owlbears 5 yetis 2 gold golems 3 werewolves 8 Green-elves 6 piranha 20 giant eels 16 lizards 9 chickatrices 4 dingoes 2 dogs 2 housecats 3 jaguars 3 dwarf leaders 6 blue jellies 6 white unicorns 4 gray unicorns 4 dust vortices 10 ravens 5 plains centaurs 3 gnome mummies 14 snakes 5 water moccasins 10 apes 19 human zombies 3 rope golems 20 Woodland-elves 50 soldier ants 5 fire ants 2 bugbears 2 imps 3 lemures 11 quasits 3 wood nymphs 4 water nymphs 5 mountain nymphs 7 Mordor orcs 7 Uruk-hai an orc shaman 5 rock piercers 7 rock moles 4 ponies 6 fog clouds 10 yellow lights 4 shriekers 4 violet fungi 13 gnome leaders 6 gnomish wizards 12 kobold mummies a golden naga hatchling 9 gray oozes 3 barrow wights 14 elf zombies 14 ghouls 3 straw golems 4 paper golems 8 jellyfish 14 giant ants 5 little dogs 17 floating eyes 2 kittens 17 dwarves 7 homunculi 6 kobold leaders 7 kobold shamans 12 hill orcs 28 rothes 9 rabid rats 3 centipedes 9 giant bats 4 monkeys 14 orc zombies 8 dwarf zombies 5 wererats 2 werejackals 14 iguanas 46 killer bees 14 acid blobs 13 coyotes 7 gas spores 11 hobbits 12 manes 4 large kobolds 19 hobgoblins 17 giant rats 18 cave spiders 9 yellow molds 3 green molds 3 red molds 68 gnomes 9 garter snakes 11 gnome zombies 13 geckos 13 jackals 4 foxes 3 kobolds 5 goblins 10 sewer rats 11 grid bugs 7 bats 15 lichens 19 kobold zombies 14 newts 1930 creatures vanquished. Genocided or extinct species: hobbits dwarves bugbears dwarf leaders dwarf rulers mind flayers master mind flayers liches demiliches master liches arch-liches erinyes (extinct) jellyfish piranha sharks giant eels electric eels krakens 17 species genocided. 1 species extinct. Voluntary challenges: You read items or engraved 182 times. You engraved Elbereth 6 times. You genocided 17 types of monsters. You never polymorphed an object. You used 2 wishes. You did not wish for any artifacts. You did not violate any of the special Sokoban rules. Achievements: You entered the Gnomish Mines. You attained the rank of Conjurer. You entered Minetown. You entered a shop. You attained the rank of Thaumaturge. You entered a temple. You entered Sokoban. You completed Sokoban. You attained the rank of Magician. You entered the Big Room. You defeated Medusa. You entered Gehennom. You learned the tune to open and close the Castle's drawbridge. You attained the rank of Enchantress. You attained the rank of Sorceress. You had the Bell of Opening. You had the Candelabrum of Invocation. You had the Book of the Dead. You gained access to Moloch's Sanctum. You reached the Elemental Planes. You reached the Astral Plane. You delivered the Amulet of Yendor. You ascended! The Elemental Planes: Astral Plane: <- You are here. A temple to Anhur. Plane of Water: Plane of Fire: Plane of Air: Plane of Earth: The Dungeons of Doom: levels 1 to 25 Level 1: "fake bone" Some sinks. One way stairs up to The Elemental Planes. Level 2: "stash chest > (%, *, +oForceBolt, !oEH)" A fountain. Stairs down to The Gnomish Mines. Level 3: "stash chest" An untended shop, a fountain, a grave. Level 4: Level 5: A grave. Level 6: Many fountains. Oracle of Delphi. Level 7: Some fountains. Stairs up to Sokoban, level 6. Level 8: Level 9: A grave. Final resting place for WizzyTheWeird-Wiz-Hum-Mal-Neu, killed by a tengu. Level 10: "coaligned uni" An armor shop. Level 11: A fountain. Level 12: "dagger stash" A grave. A very big room. Final resting place for otc-Pri-Hum-Mal-Neu, killed by a mumak, while fainted from lack of food. Level 13: Portal to The Quest. Level 14: "stash chest (!, +CureBlind)" Level 15: "daggers" Level 16: A fountain. Level 17: "stash chest ("oESP, +oHeal,+oMagMis)" A fountain. Level 18: A primitive area. Level 19: An altar to Anhur, a fountain. Level 20: An altar to Anhur. Level 21: An altar, many fountains, some graves. Level 22: "ant nest" Level 23: Level 24: Level 25: A fountain. The castle (play notes "DGAEG" to open or close drawbridge). Connection to Gehennom. Gehennom: levels 26 to 47 Level 26: A temple, many graves. Valley of the Dead. Level 27: Level 28: Level 29: Level 30: A grave. Final resting place for otc-Pri-Hum-Mal-Neu, killed by Asmodeus. Level 31: Level 32: A fountain. Level 33: Level 34: Stairs up to Vlad's Tower, level 33. Level 35: Level 36: Level 37: Level 38: Some shops, an altar, a grave. Level 39: Level 40: Level 41: Level 42: Level 43: Level 44: Level 45: Level 46: Level 47: A temple, many graves. Moloch's Sanctum. The Gnomish Mines: levels 3 to 10 Level 3: "sell stash >" Level 4: "sell stash >" Level 5: "stashchest _ + (FoD,MM,ID), !?" Many shops, a temple to Anhur, a fountain. Level 6: "WARNING: MMF PET NEXT LEVEL" Level 7: "MMF and Djinn pet" Level 8: Level 9: Level 10: Some fountains. The Quest: levels 1 to 5 Level 1: Completed quest for Neferet the Green. Level 2: Level 3: "backup BoH" Level 4: "backup BoH" Level 5: A temple to Anhur. Sokoban: levels 6 up to 3 Level 3: Solved. Level 4: Solved. Level 5: Solved. Level 6: "stash 0 (+oHealing)" Solved. Vlad's Tower: levels 33 up to 31 Level 31: Level 32: Level 33: "stash" Goodbye rustyspoon the Demigoddess... You went to your reward with 1861422 points, Magicbane (worth 3500 zorkmids and 8750 points) The Eye of the Aethiopica (worth 4000 zorkmids and 10000 points) The Bell of Opening (worth 5000 zorkmids and 12500 points) The Book of the Dead (worth 10000 zorkmids and 25000 points) The Candelabrum of Invocation (worth 5000 zorkmids and 12500 points) 5 rubies (worth 17500 zorkmids), 5 emeralds (worth 12500 zorkmids), 5 aquamarine stones (worth 7500 zorkmids), 5 amethyst stones (worth 3000 zorkmids), 4 diamonds (worth 16000 zorkmids), 4 jade stones (worth 1200 zorkmids), 2 sapphires (worth 6000 zorkmids), 2 black opals (worth 5000 zorkmids), 2 opals (worth 1600 zorkmids), 2 chrysoberyl stones (worth 1400 zorkmids), 1 turquoise stone (worth 2000 zorkmids), 1 citrine stone (worth 1500 zorkmids), 1 topaz stone (worth 900 zorkmids), 1 agate stone (worth 200 zorkmids), 2 amulets of life saving (worth 300 zorkmids), 1 amulet of reflection (worth 150 zorkmids), 1 amulet of flying (worth 150 zorkmids), and 50 pieces of gold, after 52434 moves. You were level 21 with a maximum of 465 hit points when you ascended.